 Dungeon Crawl Stone Soup version 0.29-a0-214-g17f627cfee (webtiles) character file.

Game seed: 11265951609184387684

6167 spaghetti the Frost Mage (level 10, -3/63 HPs)
             Began as a Demonspawn Wanderer on Feb 24, 2022.
             Was the Champion of Ru.
             Killed from afar by Maggie (29 damage)
             ... with a bolt of fire
             ... on level 7 of the Dungeon.
             The game lasted 00:25:10 (11708 turns).

spaghetti the Frost Mage (Demonspawn Wanderer)     Turns: 11708, Time: 00:25:10

Health: -3/63      AC: 16    Str: 13    XL:     10   Next: 60%
Magic:  0/11       EV: 10    Int: 20    God:    Ru [******]
Gold:   1212       SH:  0    Dex: 10    Spells: 1/10 levels left

rFire   x . .      SeeInvis .   a - +4 dagger (distort) {!wshort}
rCold   x . .      Faith    .   (no shield)
rNeg    . . .      Spirit   +   c - +0 ring mail
rPois   +          Reflect  .   (helmet restricted)
rElec   .          Harm     .   r - +2 cloak {rPois}
rCorr   .          Rampage  .   (no gloves)
Will    .....                   t - +0 pair of boots
Stlth   ..........              f - amulet of guardian spirit
HPRegen 0.20/turn               e - +4 ring of protection
MPRegen 0.24/turn               q - +4 ring of slaying

@: no status effects
A: horns 2, yellow scales 2, demonic guardian 2, magic regeneration, inability
to use devices, unskilled 1, missing an eye, temperature sensitive
a: Renounce Religion, Draw Out Power, Power Leap, Apocalypse


You were on level 7 of the Dungeon.
You worshipped Ru.
Ru was exalted by your worship.
You visited 1 branch of the dungeon, and saw 10 of its levels.
You also visited: Ossuary.

You collected 1484 gold pieces.
You spent 272 gold pieces at shops.


Innate Abilities, Weirdness & Mutations

You have a pair of horns on your head.
You are mostly covered in yellow scales. (AC +3)
A demonic guardian rushes to your aid.
You regenerate magic rapidly.
You cannot study or use magical devices.
You are somewhat unskilled. (-1 Apt)
You are missing an eye, making it more difficult to aim.
You are sensitive to extremes of temperature. (rF-, rC-)


   Skills:
 + Level 9.0 Short Blades
 - Level 2.4 Armour
 - Level 0.8 Spellcasting
 - Level 2.6 Summonings
 + Level 10.3 Ice Magic
 - Level 1.5 Earth Magic


You had one spell level left.
You knew the following spells:

 Your Spells              Type           Power      Damage    Failure   Level
a - Freeze                Ice            100%       1d11      1%          1
b - Ozocubu's Armour      Ice            42%        N/A       1%          3
c - Call Imp              Summ           11%        N/A       19%         2
d - Frozen Ramparts       Ice            84%        1d10      1%          3

Your spell library contained the following spells:

 Spells                   Type           Power      Damage    Failure   Level
 Sandblast                Erth           14%        2d6       19%         1
 Magic Dart               Conj           0%         1d3       36%         1
 Stone Arrow              Conj/Erth      6%         3d7       63%         3
 Mephitic Cloud           Conj/Pois/Air  0%         N/A       73%         3
 Tukima's Dance           Hex            0%         N/A       73%         3
 Passage of Golubria      Tloc           0%         N/A       98%         4
 Yara's Violent Unravell  Hex/Tmut       0%         3d3       100%        5

Inventory:

Hand Weapons
 a - a +4 dagger of distortion (weapon) {!wshort}
   (You found it on level 2 of the Dungeon)
 b - a +0 shortbow {bow}
   (You took it off a centaur on level 5 of the Dungeon)
 y - the +7 trident of Gallantry {vorpal, rPois, polearm}
   (You found it on level 5 of the Dungeon)

   It inflicts extra damage upon your enemies.
   rPois:     It protects you from poison.
Missiles
 l - 3 silver javelins {throwing}
 m - 2 javelins {throwing}
 s - 2 boomerangs {throwing}
 w - 24 poisoned darts {throwing}
 x - 415 stones (quivered) {throwing}
Armour
 c - a +0 ring mail (worn)
 r - a +2 cloak of poison resistance (worn)
   (You took it off Crazy Yiuf on level 2 of the Dungeon)
 t - a +0 pair of boots (worn)
   (You found it on level 3 of the Dungeon)
 G - the +1 leather armour "Oziub" {rF+}
   (You found it on level 7 of the Dungeon)

   rF:        It protects you from fire.
 N - the +1 chain mail of Taoxoy {Harm Str-3 Int+4}
   (You found it on level 9 of the Dungeon)

   Str:       It affects your strength (-3).
   Int:       It affects your intelligence (+4).
   Harm:      It increases damage dealt and taken.
Magical Staves
 p - a staff of earth {!astaff}
   (You found it on level 2 of the Dungeon)
 F - a staff of fire {!astaff}
   (You found it on level 7 of the Dungeon)
Jewellery
 e - a +4 ring of protection (left hand)
   (You found it on level 4 of the Dungeon)
 f - an amulet of guardian spirit (around neck)
   (You found it on level 3 of the Dungeon)
 q - a +4 ring of slaying (right hand)
   (You found it on level 5 of the Dungeon)
 v - a ring of fire
   (You found it on level 3 of the Dungeon)
 z - a ring of protection from fire
   (You found it on level 8 of the Dungeon)
 C - a +6 ring of dexterity
   (You found it on level 6 of the Dungeon)
 J - a ring of resist corrosion
   (You found it on level 8 of the Dungeon)
Wands
 h - a wand of flame (57)
   (You found it on level 3 of the Dungeon)
Scrolls
 d - 2 scrolls of torment {!r}
 i - 2 scrolls of fear
 n - 2 scrolls of vulnerability {!r!r}
 A - 2 scrolls of fog
 E - a scroll of brand weapon
 H - a scroll of magic mapping {!r}
 K - 2 scrolls of teleportation {@r4}
 L - a scroll of identify {@r1}
 M - a scroll of blinking {!r}
Potions
 g - 3 potions of curing {@q1}
 j - a potion of flight
 k - a potion of invisibility
 o - a potion of brilliance
 u - a potion of degeneration {!q@e2}
 B - a potion of berserk rage {!q}
 D - 3 potions of ambrosia
 I - 2 potions of heal wounds {@q2}
 O - 2 potions of might

Dungeon Overview and Level Annotations

Branches:
Dungeon (10/15)            Temple (0/1) D:6         Ossuary (visited)
   Lair: D:8-11         Orc: D:9-12

Altars:
Elyvilon
Hepliaklqana
Nemelex Xobeh
Okawaru
Qazlal
Ru
Sif Muna
Uskayaw
Yredelemnul
Zin
The Shining One

Shops:
D:4 ([   D:8 ?

Annotations:
D:3 3 runed translucent doors, CowFu's ghost, amateur GnHu
D:7 Maggie
Abyss:1 Ijyb

@. ##### #§§§ #...#
####..§≈. #...#
#.....§§. #...#
#.###..≈.
#.).########.###..≈!
#..@...@..........≈.
#.................≈.
#...######.###.#.§§§
#...# #.###.#..≈§
#...# ###.....#..§§
#...# #............
#...# #............
#...# #............
#............


You could see Maggie.


Message History

O - 2 potions of might Something hits you.
Deactivating autopickup; reactivate with Ctrl-A.
Something hits you but does no damage. 😕 HP[-1] MP[-1]
You take 1 damage, and now have 62/63 hp.
You lost 1 mp, and now have 10/11 mp.
Something hits you! 😕 HP[-6] MP[-1]
You take 6 damage, and now have 56/63 hp.
You lost 1 mp, and now have 9/11 mp.
Something completely misses you.
No target in view!
No target in view!
No target in view!
No target in view!
No target in view!
No target in view!
No target in view!
No target in view!
No target in view!
No target in view!
Something hits you but does no damage. Something hits you but does no damage.
Something hits you but does no damage. x2 😕 HP[+1] MP[+1]
Something hits you but does no damage. x2
Something hits you but does no damage. Something hits you but does no damage.
There is a stone staircase leading up here.
Something hits you but does no damage.
You climb upwards.
Reactivating autopickup.
There is a stone staircase leading down here. 😕 HP[+1] MP[+1]
Your mp is fully restored (11).
Unknown command.
Key pressed, stopping explore.
Done exploring.
Done exploring. 😎 HP[+5]
Your hp is fully restored (63).
Okay, then.
There is a stone staircase leading down here.
Done exploring.
(D) Dungeon (T) Temple
Where to? (Enter - D:10, ? - help)
There is a stone staircase leading up here.
You climb upwards.
There is a stone staircase leading down here.
(D) Dungeon (T) Temple
Where to? (Enter - D:8, ? - help)
There is a stone staircase leading up here.
You climb upwards.
Level annotation: Maggie The centaur is stunned by your conviction and fails to attack.
The troll bites you but does no damage. The troll claws you but does no damage.
The troll closely misses you.
The centaur unwields a +0 shortbow.
The centaur hits you but does no damage.
The centaur kicks you but does no damage.
The troll bites you but does no damage.
The troll claws you but does no damage. x2
The centaur barely misses you. x2
There is a stone staircase leading down here.
(D) Dungeon (T) Temple
Where to? (Enter - D:7, ? - help)
There are monsters nearby!
You puncture the centaur! You hit the centaur.
Space warps around the centaur.
The centaur hits you.
The centaur kicks you but does no damage.
The troll closely misses you. The troll claws you. x2 😕 HP[-8] MP[-1]
You take 8 damage, and now have 55/63 hp.
You lost 1 mp, and now have 10/11 mp.
You hit the centaur.
The centaur barely misses you. x2 😕 HP[+1]
You hit the centaur but do no damage.
Space warps around the centaur.
You kill the centaur!
The troll barely misses you. The troll claws you! x2
You focus your inner power and paralyse the troll in retribution! 😮 HP[-17] MP[-3]
You take 17 damage, and now have 39/63 hp.
MASSIVE DAMAGE!! (PAUSE)
You lost 3 mp, and now have 7/11 mp.
The helpless troll fails to defend itself.
You impale the troll!!
Space warps around the troll.
Your headbutt misses the troll.
The helpless troll fails to defend itself.
You impale the troll!!
You kill the troll!
Maggie points at you and mumbles some strange words.
The bolt of fire hits you! The fire burns you terribly!
* * * LOW HITPOINT WARNING * * *
Your Short Blades skill increases to level 9! 😨 HP[-13] MP[-3]
You take 13 damage, and now have 26/63 hp.
MASSIVE DAMAGE!! (PAUSE)
You lost 3 mp, and now have 4/11 mp.
Maggie points at you and mumbles some strange words.
The bolt of fire hits you!! The fire burns you terribly!
You die...

Skill      XL: |  1  2  3  4  5  6  7  8  9 10 |
---------------+-------------------------------+-----
Ice Magic      | 4 5 6 7 8 10 10 | 10.3
Short Blades   | 1 2 3 5 6 8 9 |  9.0
Summonings     | 3 2 |  2.6
Spellcasting   | 0 |  0.8
Armour         | |  2.4
Earth Magic    | |  1.5

Action                   |  1- 3 |  4- 6 |  7- 9 | 10-12 || total
-------------------------+-------+-------+-------+-------++-------
Melee: Club              |    68 |       |       |       ||    68
       Punch             |     3 |       |     2 |     1 ||     6
       Quarterstaff      |     7 |    10 |       |       ||    17
       Headbutt          |     3 |     8 |    29 |    11 ||    51
       Dagger            |       |   132 |   293 |   137 ||   562
Throw: Stone             |     1 |    61 |    30 |     2 ||    94
 Cast: Freeze            |    37 |     7 |       |       ||    44
       Ozocubu's Armour  |       |    10 |     9 |     5 ||    24
       Call Imp          |       |       |     7 |     2 ||     9
Invok: Sacrifice Artific |     1 |       |       |       ||     1
       Sacrifice Resista |       |       |     1 |       ||     1
       Sacrifice an Eye  |       |       |     1 |       ||     1
       Sacrifice Skill   |       |       |       |     1 ||     1
  Use: Potion            |     3 |     4 |     2 |       ||     9
       Scroll            |     1 |     9 |     6 |     7 ||    23
 Stab: Invisible         |       |       |     2 |     2 ||     4
       Paralysed         |       |       |       |     3 ||     3
Armor: Ring mail         |    41 |    69 |    92 |   113 ||   315
       Skin              |       |       |    27 |       ||    27
Dodge: Dodged            |    69 |    84 |   107 |    92 ||   352

Levels and vault maps discovered:
D:1:      evilmike_arrival_hilbert_curve, layout_basic,
          dreamdust_ecumenical_altar_angels_and_demons
D:2:      layout_basic, uniq_crazy_yiuf_cottage, uniq_terence
D:3:      layout_basic, gammafunk_ghost_necromancy, small_statue_intersection,
          uniq_ijyb
D:4:      layout_basic, zin_academy, lemuel_doored_altar,
          nicolae_tso_besieged_by_evil, serial_shops, shop, nicolae_shop_stone
D:5:      layout_basic, lemuel_crystal_altar
D:6:      layout_loops_ring, mainiacjoe_overflow_large_starburst,
          minmay_temple_entry_poolview, enter_ossuary_3, serial_glass,
          glass_columns_a, glass_columns_a, glass_columns_a, glass_columns_b,
          glass_columns_a, glass_columns_a, minmay_misc_feat_enclosed,
          grunt_ministairs_15, uniq_grinder, uniq_duvessa
D:7:      layout_basic, mainiacjoe_overflow_catwalk_spiral, uniq_maggie
D:8:      layout_loops_corners, lemuel_blue_sif_altar,
          nicolae_uskayaw_dance_hall, serial_shops, shop, grunt_ministairs_3
D:9:      layout_stronghold
D:10:     layout_roguey, vehumet_crystals, uniq_grum

Notes
Turn   | Place    | Note
-------+----------+-------------------------------------------
     0 | D:1      | spaghetti the Demonspawn Wanderer began the quest for the
                  | Orb.
     0 | D:1      | spaghetti set off with the following items: a +0 club
                  | {mace}, 28 stones {throwing}, a +0 ring mail; and the
                  | following spells available to memorise: Freeze, Sandblast,
                  | Frozen Ramparts, Ozocubu's Armour, Stone Arrow
     0 | D:1      | Reached XP level 1. HP: 13/13 MP: 2/2
     0 | D:1      | magus.rc [v1.9.6]
   270 | D:1      | Learned a level 1 spell: Freeze
   634 | D:1      | Reached skill level 4 in Ice Magic
   638 | D:1      | Gained mutation: You are partially covered in yellow
                  | scales. (AC +2) [demonic ancestry]
   638 | D:1      | Reached XP level 2. HP: 18/19 MP: 0/3
  1291 | D:1      | Found a faded altar of an unknown god.
  1462 | D:1      | Prayed at the altar of an unknown god.
  1462 | D:1      | Became a worshipper of Ru the Awakened
  1468 | D:1      | Gained mutation: You cannot study or use magical devices.
                  | [Ru sacrifice]
  1468 | D:1      | Reached * piety under Ru
  1468 | D:1      | Reached ** piety under Ru
  2005 | D:2      | Noticed Terence
  2018 | D:1      | Gained mutation: You have a pair of small horns on your
                  | head. [demonic ancestry]
  2018 | D:1      | Reached XP level 3. HP: 11/24 MP: 0/4
  2045 | D:1      | HP: 5/24 [Terence/+0 mace (5)]
  2047 | D:1      | Killed Terence
  2428 | D:2      | Reached skill level 5 in Ice Magic
  2596 | D:2      | Gained mutation: You have a pair of horns on your head.
                  | [demonic ancestry]
  2596 | D:2      | Reached XP level 4. HP: 11/30 MP: 0/5
  2761 | D:2      | Learned a level 3 spell: Ozocubu's Armour
  3141 | D:2      | Found a runed translucent door.
  3142 | D:2      | Noticed Crazy Yiuf
  3393 | D:2      | Killed Crazy Yiuf
  3394 | D:2      | Reached skill level 1 in Short Blades
  3641 | D:3      | Found a runed translucent gate.
  3641 | D:3      | Found a runed translucent gate.
  3642 | D:3      | Found a runed translucent gate.
  3647 | D:3      | Noticed CowFu's ghost (amateur GnHu)
  3814 | D:3      | Reached XP level 5. HP: 33/35 MP: 6/6
  3930 | D:3      | Noticed Ijyb
  3940 | D:3      | Banished Ijyb
  4164 | D:3      | You pick up a book of Minor Magic and begin reading...
  4164 | D:3      | You add the spells Magic Dart, Call Imp and Mephitic Cloud
                  | to your library.
  4350 | D:4      | Reached skill level 2 in Short Blades
  4518 | D:4      | Reached skill level 6 in Ice Magic
  4518 | D:4      | Gained mutation: You regenerate magic rapidly. [demonic
                  | ancestry]
  4518 | D:4      | Reached XP level 6. HP: 41/41 MP: 7/7
  4613 | D:4      | Reached skill level 3 in Short Blades
  4651 | D:4      | Found Ymues's Antique Weapon Emporium.
  4696 | D:4      | Found a basalt altar of Yredelemnul.
  4789 | D:4      | Found Ituecepn's Armour Shoppe.
  5123 | D:5      | Entered Level 5 of the Dungeon
  5131 | D:5      | Gained mutation: A weak demonic guardian rushes to your
                  | aid. [demonic ancestry]
  5131 | D:5      | Reached XP level 7. HP: 43/46 MP: 6/8
  5131 | D:5      | Gained mutation: You are sensitive to extremes of
                  | temperature. (rF-, rC-) [Ru sacrifice]
  5131 | D:5      | Reached *** piety under Ru
  5131 | D:5      | Reached **** piety under Ru
  5152 | D:5      | Reached skill level 4 in Short Blades
  5337 | D:5      | Reached skill level 7 in Ice Magic
  5851 | D:5      | Reached skill level 5 in Short Blades
  5951 | D:5      | Identified the +7 trident of Gallantry {vorpal, rPois}
  6042 | D:5      | Found a stormy altar of Qazlal.
  6063 | D:5      | Gained mutation: A demonic guardian rushes to your aid.
                  | [demonic ancestry]
  6063 | D:5      | Reached XP level 8. HP: 33/52 MP: 6/9
  6483 | D:6      | Reached skill level 8 in Ice Magic
  6486 | D:6      | Learned a level 2 spell: Call Imp
  6862 | D:6      | Reached skill level 6 in Short Blades
  6888 | D:6      | Reached skill level 1 in Summonings
  6935 | D:6      | Found a sand-covered staircase.
  6942 | Ossuary  | Entered an ossuary
  6992 | Ossuary  | Identified a scroll of acquirement
  7029 | Ossuary  | Reached skill level 2 in Summonings
  7031 | Ossuary  | Acquired 1033 gold pieces
  7274 | D:6      | Reached skill level 3 in Summonings
  7274 | D:6      | Reached XP level 9. HP: 34/57 MP: 7/10
  7573 | D:6      | Found a staircase to the Ecumenical Temple.
  7768 | D:6      | Noticed Grinder
  7785 | D:6      | Killed Grinder
  7859 | D:6      | Reached skill level 7 in Short Blades
  7859 | D:6      | Reached skill level 9 in Ice Magic
  7876 | D:6      | Found a sparkling altar of Nemelex Xobeh.
  7937 | D:6      | Noticed Duvessa
  7937 | D:6      | Noticed Dowan
  7944 | D:6      | Killed Duvessa
  7949 | D:6      | Killed Dowan
  7964 | D:6      | Gained mutation: You are missing an eye, making it more
                  | difficult to aim. [Ru sacrifice]
  7964 | D:6      | Reached ***** piety under Ru
  7967 | D:6      | Found a hazy altar of Hepliaklqana.
  8088 | D:7      | Reached skill level 8 in Short Blades
  8405 | D:7      | Reached skill level 10 in Ice Magic
  8442 | D:7      | Identified the +1 leather armour "Oziub" {rF+}
  8645 | D:7      | Found an iron altar of Okawaru.
  8676 | D:7      | Noticed a troll
  8677 | D:7      | Noticed Maggie
  9123 | D:8      | Found Edemusuu's Magic Scroll Shoppe.
  9128 | D:8      | Bought a scroll of teleportation for 39 gold pieces
  9128 | D:8      | Bought a scroll of enchant weapon for 97 gold pieces
  9128 | D:8      | Bought a scroll of blinking for 97 gold pieces
  9128 | D:8      | Bought a scroll of teleportation for 39 gold pieces
  9307 | D:8      | Gained mutation: You are mostly covered in yellow scales.
                  | (AC +3) [demonic ancestry]
  9307 | D:8      | Reached XP level 10. HP: 47/63 MP: 9/11
  9311 | D:8      | Found a hide-covered altar of Uskayaw.
  9685 | D:8      | Found a shimmering blue altar of Sif Muna.
 10031 | D:8      | Reached skill level 9 in Short Blades
 10471 | D:9      | You add the spells Tukima's Dance, Passage of Golubria and
                  | Yara's Violent Unravelling to your library.
 10530 | D:9      | Noticed a cyclops
 10548 | D:9      | Killed a cyclops
 10549 | D:9      | Gained mutation: You are somewhat unskilled. (-1 Apt) [Ru
                  | sacrifice]
 10549 | D:9      | Reduced skill Short Blades to level 8
 10549 | D:9      | Reduced skill Spellcasting to level 0
 10549 | D:9      | Reduced skill Summonings to level 2
 10549 | D:9      | Reduced skill Ice Magic to level 9
 10549 | D:9      | Reached ****** piety under Ru
 10707 | D:9      | Reached skill level 10 in Ice Magic
 10836 | D:9      | Identified the +1 chain mail of Taoxoy {Harm Str-3 Int+4}
 11414 | D:9      | Learned a level 3 spell: Frozen Ramparts
 11463 | D:10     | Entered Level 10 of the Dungeon
 11708 | D:7      | Reached skill level 9 in Short Blades
 11708 | D:7      | Killed from afar by Maggie

Vanquished Creatures
  A cyclops (D:9)
  A troll (D:7)
  Grinder (D:6)
  A hornet (D:7)
  A wraith (Ossuary)
  A wyvern (D:8)
  Duvessa (D:6)
  3 water moccasins
  2 ice beasts
  A sky beast (D:6)
  3 orc warriors
  A black bear (D:5)
  2 necrophages
  An ogre (D:5)
  5 centaurs
  3 phantoms
  A kobold brigand (D:6)
  2 scorpions (D:6)
  A bullfrog (D:8)
  Dowan (D:6)
  8 killer bees
  3 wights (D:4)
  A crimson imp (D:4)
  2 centaur zombies
  A bullfrog zombie (D:7)
  4 hounds
  2 jellies
  Crazy Yiuf (D:2)
  8 orc priests
  Terence (D:1)
  An iguana (D:6)
  10 orc wizards
  A killer bee zombie (D:6)
  A mummy (Ossuary)
  A hound skeleton (D:5)
  6 adders
  2 howler monkey skeletons
  A shadow imp (D:6)
  2 white imps
  An ufetubus (D:4)
  2 dart slugs (D:1)
  22 orcs
  7 endoplasms
  3 giant cockroaches
  4 goblins
  5 hobgoblins
  5 jackals
  2 quokkas (D:2)
  6 ball pythons
  6 bats
  9 frilled lizards
  5 gnoll skeletons (Ossuary)
  A goblin skeleton (D:4)
  A goblin zombie (D:4)
  2 hobgoblin zombies (D:4)
  19 kobolds
  6 kobold skeletons
  A kobold zombie (D:4)
  17 orc skeletons
  4 rats (D:1)
  A rat zombie (D:6)
218 creatures vanquished.

Vanquished Creatures (collateral kills)
  A wyvern (D:7)
  An orc priest (D:6)
  An orc wizard (D:8)
  2 orcs (D:8)
  A kobold (D:6)
6 creatures vanquished.

Vanquished Creatures (others)
  An orc priest (D:5)
1 creature vanquished.

Grand Total: 225 creatures vanquished

Table legend:
 A = Non-vault XP
 B = Vault XP
 C = Vault XP percentage of total XP
 D = Non-vault monster count
 E = Vault monster count
 F = Vault count percentage of total count
                 A         B        C        D         E       F
            +---------+---------+-------+---------+---------+-------
      Total |    7632 |    1178 |  13.4 |     192 |      49 |  20.3
            +---------+---------+-------+---------+---------+-------
        D:1 |      39 |      36 |  48.0 |      23 |       1 |   4.2
        D:2 |      52 |      42 |  44.7 |      24 |       1 |   4.0
        D:3 |      37 |      33 |  47.1 |      13 |       1 |   7.1
        D:4 |     403 |      58 |  12.6 |      15 |      11 |  42.3
        D:5 |     786 |       0 |   0.0 |      16 |       0 |   0.0
        D:6 |    1513 |     561 |  27.0 |      29 |       6 |  17.1
        D:7 |    1674 |       0 |   0.0 |      20 |       0 |   0.0
        D:8 |    1327 |     196 |  12.9 |      32 |       2 |   5.9
        D:9 |    1754 |       0 |   0.0 |      19 |       0 |   0.0
       D:10 |      47 |       0 |   0.0 |       1 |       0 |   0.0
    Ossuary |       0 |     252 | 100.0 |       0 |      27 | 100.0
            +---------+---------+-------+---------+---------+-------

Illustrated notes

Table legend:
 A = Kills in this place as a percentage of kills in entire the game.
 B = Kills by you in this place as a percentage of kills by you in the entire game.
 C = Kills by friends in this place as a percentage of kills by friends in the entire game.
 D = Other kills in this place as a percentage of other kills in the entire game.
 E = Experience gained in this place as a percentage of experience gained in the entire game.
 F = Experience gained in this place divided by the number of levels of this place that you have seen.
                   A       B       C       D       E      F
               +-------+-------+-------+-------+-------+----------------------
         Total | 100.0 | 100.0 | 100.0 | 100.0 | 100.0 | 800.9
       Dungeon |  88.8 |  88.5 | 100.0 |  88.2 |  97.1 | 855.8
       Ossuary |  11.2 |  11.5 |   0.0 |  11.8 |   2.9 | 252.0
               +-------+-------+-------+-------+-------+----------------------

Table legend: (Time is in decaauts)
 A = Elapsed time spent in this place.
 B = Non-inter-level travel time spent in this place.
 C = Inter-level travel time spent in this place.
 D = Time resting spent in this place.
 E = Time spent auto-exploring this place.
 F = Levels seen in this place.
 G = Mean time per level.
                   A        B        C        D        E       F      G
               +--------+--------+--------+--------+--------+-----+--------+
         Total |  11558 |  10989 |    569 |   1055 |   8382 |  11 | 1050.7 |
       Dungeon |  11308 |  10739 |    569 |   1055 |   8226 |  10 | 1130.8 |
       Ossuary |    250 |    250 |      0 |      0 |    156 |   1 |  250.0 |
               +--------+--------+--------+--------+--------+-----+--------+

Top non-repeatable levels by time:
     D:1: 2299 daAuts
     D:8: 1651 daAuts
     D:5: 1304 daAuts
     D:6: 1258 daAuts
     D:2: 1225 daAuts
     D:9: 1169 daAuts
     D:4: 832 daAuts
     D:3: 783 daAuts
     D:7: 664 daAuts
 Ossuary: 250 daAuts
    D:10: 119 daAuts
